 Dungeon Crawl Stone Soup version 0.21.0-25-ge575cb9 (webtiles) character file.

39 tidbits the Magician (level 3, 12/25 HPs)
             Began as a Gnoll Wizard on Jan 25, 2018.
             Was a Follower of Zin.
             Quit the game on level 3 of the Dungeon.
             The game lasted 00:04:25 (365 turns).

tidbits the Magician (Gnoll Wizard)                  Turns: 365, Time: 00:04:26

Health: 12/25      AC:  3    Str:  9    XL:     3   Next: 45%
Magic:  8/11       EV: 14    Int: 21    God:    Zin [*.....]
Gold:   69         SH:  0    Dex: 13    Spells: 12/16 levels left

rFire    . . .     SeeInvis .   f - +0 dagger
rCold    . . .     Gourm    .   (no shield)
rNeg     . . .     Faith    .   a - +0 robe
rPois    .         Spirit   .   b - +0 hat
rElec    .         Reflect  .   C - +0 cloak
rCorr    .         Harm     .   (no gloves)
MR       +....                  (no boots)
Stlth    +++.......             (no amulet)
HPRegen  0.08/turn              i - ring of protection from magic
MPRegen  0.12/turn              (no ring)

@: no status effects
A: distributed training, fangs 1, strong nose
a: Recite, Donate Gold, Renounce Religion


You were on level 3 of the Dungeon.
You worshipped Zin.
Zin was aware of your devotion.
You were not hungry.

You visited 1 branch of the dungeon, and saw 3 of its levels.

You collected 76 gold pieces.
You donated 7 gold pieces to Zin.

Inventory:

Hand Weapons
 e - a +0 club
 f - a +0 dagger (weapon)
Missiles
 h - 30 arrows
Armour
 a - a +0 robe (worn)
 b - a +0 hat (worn)
 C - a +0 cloak (worn)
Jewellery
 i - a ring of protection from magic (left hand)
   (You found it on level 3 of the Dungeon)
Scrolls
 r - a scroll of remove curse
Potions
 g - a potion of curing {unknown}
Books
 c - a book of Minor Magic

   Spells                             Type                      Level
   a - Magic Dart                     Conjuration                  1
   b - Blink                          Translocation                2
   c - Call Imp                       Summoning                    2
   d - Slow                           Hexes                        2
   e - Conjure Flame                  Conjuration/Fire             3
   f - Mephitic Cloud                 Conjuration/Poison/Air       3
Comestibles
 d - a ration


   Skills:
 + Level 0.7 Fighting
 + Level 0.7 Short Blades
 + Level 0.7 Long Blades
 + Level 0.7 Axes
 + Level 0.7 Maces & Flails
 + Level 0.7 Polearms
 + Level 0.7 Staves
 + Level 0.7 Slings
 + Level 0.7 Bows
 + Level 0.7 Crossbows
 + Level 0.7 Throwing
 + Level 0.7 Armour
 + Level 4.5 Dodging
 + Level 4.1 Stealth
 + Level 0.7 Shields
 + Level 0.7 Unarmed Combat
 + Level 7.1 Spellcasting
 + Level 2.1 Conjurations
 + Level 0.5 Hexes
 + Level 0.5 Charms
 + Level 2.1 Summonings
 + Level 0.5 Necromancy
 + Level 2.1 Translocations
 + Level 0.5 Transmutations
 + Level 0.5 Fire Magic
 + Level 0.5 Ice Magic
 + Level 0.5 Air Magic
 + Level 0.5 Earth Magic
 + Level 0.5 Poison Magic
 + Level 0.9 Invocations
 + Level 0.7 Evocations


You had 12 spell levels left.
You knew the following spells:

 Your Spells              Type           Power        Failure   Level  Hunger
a - Magic Dart            Conj           ###.         3%          1    None
m - Mephitic Cloud        Conj/Pois/Air  ##......     17%         3    None


Dungeon Overview and Level Annotations

Branches:
Dungeon (3/15)

Altars:
Zin


Innate Abilities, Weirdness & Mutations

Your experience applies equally to all skills.
You have very sharp teeth.
Your uncanny sense of smell can sniff out nearby items.


Message History

g - a scroll of remove curse Adjust (i)tems, (s)pells, or (a)bilities?
Adjust which item? (? for menu, Esc to quit)
g - a scroll of remove curse Adjust to which letter? (? for menu, Esc to quit)
r - a scroll of remove curse You feel a little less mighty now.
You see here a sapphire potion.
g - a sapphire potion A quokka comes into view.
The quokka moves out of view.
You see here 30 arrows.
h - 30 arrows
There is a stone staircase leading up, spattered with blood here.
There is a stone staircase leading down here.
You climb downwards.
There is a stone staircase leading up here.
Unknown command.
A bat comes into view.
A bat comes into view.
Found an ivory ring.
The bat hits you but does no damage. x2
Unknown command.
The bat barely misses you.
You hit the bat but do no damage. The bat misses you.
The bat barely misses you. x2
The bat hits you but does no damage.
There is a stone staircase leading up here.
Casting: Magic Dart
Confirm with . or Enter, or press ? or * to list all spells.
Aiming: Magic Dart
Press: ? - help, Shift-Dir - straight line, f - bat
Aim: a bat The magic dart hits the bat.
The bat is heavily wounded.
The bat hits you but does no damage.
Casting: Magic Dart
Confirm with . or Enter, or press ? or * to list all spells.
Aiming: Magic Dart
Press: ? - help, Shift-Dir - straight line, f/p - bat
Aim: a bat (heavily wounded)
The magic dart hits the bat.
You kill the bat!
Found a faded altar of an unknown god.
Casting: Magic Dart
Confirm with . or Enter, or press ? or * to list all spells.
Aiming: Magic Dart
Press: ? - help, Shift-Dir - straight line, f - bat
Aim: a bat The magic dart hits the bat.
You kill the bat!
A goblin comes into view.
You see here an ivory ring.
The helpless goblin fails to defend itself.
You puncture the goblin!
You kill the goblin!
You see here an ivory ring.
i - an ivory ring
There is a faded altar of an unknown god here.
Put on which piece of jewellery? (? for menu, Esc to quit)
i - a ring of protection from magic (left hand)
You cannot tell which god this altar belongs to.
Convert to them anyway?
Zin accepts your prayer! Zin welcomes you!
You pay a tithe of 7 gold.
You can now donate money to Zin.
You can now recite Zin's Axioms of Law.
Unknown command.
Press < or > to pray at altars.
Unknown command.
Press < or > to pray at altars.
Unknown command.
Press < or > to pray at altars.
Unknown command.
Press < or > to pray at altars.
Unknown command.
Press < or > to pray at altars.
Unknown command.
Press < or > to pray at altars.
Unknown command.
Press < or > to pray at altars.
Unknown command.
Press < or > to pray at altars.
Unknown command.
Press < or > to pray at altars.
Unknown command.
Press < or > to pray at altars.
Unknown command.
Press < or > to pray at altars.
Unknown command.
Press < or > to pray at altars.
Unknown command.
Press < or > to pray at altars.
Unknown command.
Press < or > to pray at altars.
Unknown command.
Press < or > to pray at altars.
Inscribe with what?
Okay, then.
Are you sure you want to abandon this character and quit the game? (Confirm with "yes".)

###### .....####
.####.....#
.......8..####
#..8@8..†.#
#...8..#.##
#......#.#
#......#.#
.##########.#..#.#
...............#.#
..........#.##.#.#
.........†.....#.#
.......##.#.####


There were no monsters in sight!

Vanquished Creatures
  An adder (D:2)
  An ooze (D:2)
  A dart slug (D:1)
  3 goblins
  5 hobgoblins
  A jackal (D:1)
  3 kobolds (D:1)
  5 bats
  A frilled lizard (D:1)
  A rat (D:2)
22 creatures vanquished.

Notes
Turn   | Place    | Note
-------+----------+-------------------------------------------
     0 | D:1      | tidbits the Gnoll Wizard began the quest for the Orb.
     0 | D:1      | Reached XP level 1. HP: 13/13 MP: 8/8
    58 | D:1      | Reached skill level 2 in Conjurations
    58 | D:1      | Reached skill level 2 in Summonings
    58 | D:1      | Reached skill level 2 in Translocations
   101 | D:1      | HP: 1/13 [dart slug/slug dart (1)]
   102 | D:1      | Reached XP level 2. HP: 1/19 MP: 3/10
   287 | D:2      | Noticed an ogre
   290 | D:2      | Reached XP level 3. HP: 6/25 MP: 2/11
   295 | D:2      | Learned a level 3 spell: Mephitic Cloud
   348 | D:3      | Found a faded altar of an unknown god.
   364 | D:3      | Became a worshipper of Zin the Law-Giver
   364 | D:3      | Reached * piety under Zin
   365 | D:3      | Quit the game

Skill      XL: |  1 |
---------------+----+-----
Conjurations   | 2 |  2.1
Summonings     | 2 |  2.1
Translocations | 2 |  2.1
Fighting       | |  0.7
Short Blades   | |  0.7
Long Blades    | |  0.7
Axes           | |  0.7
Maces & Flails | |  0.7
Polearms       | |  0.7
Staves         | |  0.7
Slings         | |  0.7
Bows           | |  0.7
Crossbows      | |  0.7
Throwing       | |  0.7
Armour         | |  0.7
Dodging        | |  4.5
Stealth        | |  4.1
Shields        | |  0.7
Unarmed Combat | |  0.7
Spellcasting   | |  7.1
Hexes          | |  0.5
Charms         | |  0.5
Necromancy     | |  0.5
Transmutations | |  0.5
Fire Magic     | |  0.5
Ice Magic      | |  0.5
Air Magic      | |  0.5
Earth Magic    | |  0.5
Poison Magic   | |  0.5
Invocations    | |  0.9
Evocations     | |  0.7

Action                   || total
-------------------------++-------
Melee: Club              ||    15
       Dagger            ||    20
 Cast: Magic Dart        ||    40
  Use: Scroll            ||     1
       Potion            ||     1
 Stab: Sleeping          ||     1
Armor: Robe              ||    20
Dodge: Dodged            ||    31

Table legend:
 A = Turns spent in this place as a percentage of turns spent in the entire game.
 B = Non-inter-level travel turns spent in this place as a percentage of non-inter-level travel turns spent in the entire game.
 C = Inter-level travel turns spent in this place as a percentage of turns spent in this place.
 D = Turns resting spent in this place as a percentage of non-inter-level travel turns spent in this place.
 E = Turns spent auto-exploring this place as a percentage of non-inter-level travel turns spent in this place.
 F = Non-inter-level travel turns spent in this place divided by the number of levels of this place that you've seen.
                   A       B       C       D       E      F
               +-------+-------+-------+-------+-------+----------------------
         Total | 100.0 | 100.0 |   0.0 |   0.0 |   0.0 | 121.7
       Dungeon | 100.0 | 100.0 |   0.0 |   0.0 |   0.0 | 121.7
               +-------+-------+-------+-------+-------+----------------------

Table legend:
 A = Kills in this place as a percentage of kills in entire the game.
 B = Kills by you in this place as a percentage of kills by you in the entire game.
 C = Kills by friends in this place as a percentage of kills by friends in the entire game.
 D = Other kills in this place as a percentage of other kills in the entire game.
 E = Experience gained in this place as a percentage of experience gained in the entire game.
 F = Experience gained in this place divided by the number of levels of this place that you have seen.
                   A       B       C       D       E      F
               +-------+-------+-------+-------+-------+----------------------
         Total | 100.0 | 100.0 |   N/A |   N/A | 100.0 |  18.7
       Dungeon | 100.0 | 100.0 |   N/A |   N/A | 100.0 |  18.7
               +-------+-------+-------+-------+-------+----------------------

Vault maps used:
D:1:      lightli_arrival_lavapool, minmay_quantized
D:2:      uniq_terence, uniq_jessica
D:3:      gammafunk_wand_slinger, overflow_temple_1_default,
          chequers_ecumenical_altar_simple, kennysheep_small_spiral, uniq_ijyb
